 Dungeon Crawl Stone Soup version 0.19.5 (webtiles) character file.

253 JeffiDaFish the Shield-Bearer (level 6, -4/39 HPs)
             Began as a Gargoyle Fighter on Aug 25, 2017.
             Slain by Sigmund
             ... wielding a +0 scythe
              (6 damage)
             ... on level 3 of the Dungeon.
             The game lasted 00:04:57 (2424 turns).

JeffiDaFish the Shield-Bearer (Gargoyle Fighter)    Turns: 2424, Time: 00:04:57

Health: -4/39      AC: 13    Str: 19      XL:     6   Next: 14%
Magic:  6/6        EV:  8    Int:  9      God:
Gold:   141        SH:  9    Dex: 10 (11) Spells: 0 memorised, 5 levels left

rFire  . . .     SeeInvis .     a - +0 flail
rCold  . . .     Gourm    .     b - +0 scale mail
rNeg   + . .     Faith    .     c - +0 shield
rPois  ∞         Spirit   .     (no helmet)
rElec  +         Reflect  .     h - +1 cloak
rCorr  .         Harm     .     (no gloves)
MR     .....                    (no boots)
Stlth  ..........               (no amulet)
                                (no ring)
                                (no ring)

@: no status effects
A: negative energy resistance 1, electricity resistance, unbreathing,
petrification resistance, rot immunity, AC +4
a: no special abilities


You were on level 3 of the Dungeon.
You were hungry.

You visited 1 branch of the dungeon, and saw 3 of its levels.

You collected 141 gold pieces.

Inventory:

Hand Weapons
 a - a +0 flail (weapon)
Armour
 b - a +0 scale mail (worn)
 c - a +0 shield (worn)
 h - a +1 cloak (worn)
Scrolls
 e - a scroll of identify
Comestibles
 d - a fruit
 f - a bread ration


   Skills:
 + Level 4.3 Fighting
 + Level 3.5 Maces & Flails
 + Level 4.2 Armour
 + Level 1.0 Dodging
 + Level 4.7 Shields


You had 5 spell levels left.
You didn't know any spells.

Dungeon Overview and Level Annotations

Branches:
Dungeon (3/15)

Altars:
Trog

Annotations:
D:3 Sigmund


Innate Abilities, Weirdness & Mutations

You are resistant to torment.
Your stone body is resilient. (AC +4)
You are immune to poison.
You resist negative energy. (rN+)
You are resistant to electric shocks. (rElec)
You can survive without breathing.
You are immune to petrification.
You are immune to rotting.


Message History

Sigmund hits you but does no damage.
You closely miss Sigmund.
Sigmund is severely wounded.
You block Sigmund's attack.
You barely miss Sigmund.
Sigmund is severely wounded.
You hit Sigmund.
Sigmund is severely wounded.
Sigmund points at you and mumbles some strange words.
The puff of flame hits you! You block Sigmund's attack.
You hit Sigmund.
Sigmund is severely wounded.
You barely miss Sigmund.
Sigmund is severely wounded.
Sigmund casts a spell at you. The magic dart hits you!
Sigmund hits you but does no damage.
You barely miss Sigmund.
Sigmund is severely wounded.
Sigmund hits you with a scythe.
You die...

## #.... . #... #.#...
#.#... ....# #..#
#.@################
#.@†..##..........#
#...###.##..........#
...................>...#
##...#.#.#.##..........#
#.###.#.#.######...####
#.###.#.#.######.#.#
...................#
###. ####.#.###.#...†..#
#...###### #.#
#.#.###..#


You could see Sigmund.

Vanquished Creatures
  The ghost of Lilxick the Skirmisher, an amateur MfBe of Trog (D:3)
  A bullfrog (D:3)
  3 adders (D:2)
  An ooze (D:1)
  A worm (D:3)
  A dart slug (D:1)
  2 leopard geckos
  3 ball pythons
  11 bats
  8 goblins
  6 hobgoblins
  7 jackals (D:1)
  8 kobolds
  7 frilled lizards
  4 rats
64 creatures vanquished.

Notes
Turn   | Place    | Note
-------+----------+-------------------------------------------
     0 | D:1      | JeffiDaFish the Gargoyle Fighter began the quest for the Orb.
     0 | D:1      | Reached XP level 1. HP: 14/14 MP: 1/1
    90 | D:1      | Reached XP level 2. HP: 6/19 MP: 2/2
   664 | D:1      | Reached XP level 3. HP: 19/23 MP: 3/3
  1023 | D:2      | Reached XP level 4. HP: 16/29 MP: 4/4
  2047 | D:3      | Noticed a bullfrog
  2058 | D:3      | Noticed Lilxick's ghost (amateur MfBe)
  2082 | D:3      | Killed a bullfrog
  2082 | D:3      | Reached XP level 5. HP: 12/33 MP: 5/5
  2084 | D:3      | Killed Lilxick's ghost
  2084 | D:3      | Reached skill level 1 in Dodging
  2084 | D:3      | Reached XP level 6. HP: 14/39 MP: 6/6
  2335 | D:3      | Found a bloodstained altar of Trog.
  2391 | D:3      | Noticed Sigmund
  2417 | D:3      | HP: 1/39 [something (5)]
  2424 | D:3      | Slain by Sigmund

Skill      XL: |  1  2  3  4  5 |
---------------+----------------+-----
Shields        | 4 |  4.7
Maces & Flails | 3 |  3.5
Fighting       | 4 |  4.3
Armour         | 4 |  4.2
Dodging        | 1 |  1.0

Action                   |  1- 3 |  4- 6 || total
-------------------------+-------+-------++-------
Melee: Flail             |   151 |   144 ||   295
  Use: Scroll            |     4 |     3 ||     7
       Potion            |       |     2 ||     2
  Eat: Chunk             |     1 |     4 ||     5
Armor: Scale mail        |   115 |    86 ||   201
Dodge: Dodged            |    72 |    50 ||   122
Block: Shield            |    99 |    60 ||   159
